 Dungeon Crawl Stone Soup version 0.26-a0-1080-g4c0aae810e (webtiles) character file.

Game seed: 11949883677157057953

156 sanka the Ducker (level 5, 0/25 HPs)
             Began as a Spriggan Brigand on Dec 14, 2020.
             Succumbed to an adder's poison
             ... on level 3 of the Dungeon.
             The game lasted 00:03:32 (2834 turns).

sanka the Ducker (Spriggan Brigand)                 Turns: 2834, Time: 00:03:32

Health: 0/25       AC:  3    Str:  7    XL:     5   Next: 14%
Magic:  6/6        EV: 23    Int: 13    God:
Gold:   127        SH:  0    Dex: 18    Spells: 4/4 levels left

rFire    . . .     SeeInvis +   a - +2 dagger
rCold    . . .     Faith    .   (shield restricted)
rNeg     . . .     Spirit   .   b - +0 robe
rPois    .         Reflect  .   (helmet restricted)
rElec    .         Harm     .   c - +0 cloak
rCorr    +         Rampage  .   (gloves unavailable)
Will     .....                  (boots unavailable)
Stlth    +++.......             (no amulet)
HPRegen  0.08/turn              (no ring)
MPRegen  0.10/turn              t - ring of resist corrosion

@: lethally poisoned (0 -> -3), berserk cooldown, hasted, very quick
A: very small, unfitting armour, see invisible, speed 3
a: no special abilities


You were on level 3 of the Dungeon.
You visited 1 branch of the dungeon, and saw 3 of its levels.

You collected 127 gold pieces.


Innate Abilities, Weirdness & Mutations

You are very small and have problems with some larger weapons.
You are too small for most types of armour.
You have supernaturally acute eyesight. (SInv)
You cover ground extremely quickly.


   Skills:
 - Level 1.5 Fighting
 - Level 2.1 Short Blades
 - Level 2.0 Throwing
 + Level 7.4 Dodging
 - Level 5.8 Stealth


You had 4 spell levels left.
You didn't know any spells.
Your spell library was empty.

Inventory:

Hand Weapons
 a - a +2 dagger (weapon)
 s - a +0 rapier
Missiles
 d - 8 poisoned darts (quivered)
 e - 2 curare-tipped darts {=f}
Armour
 b - a +0 robe (worn)
 c - a +0 cloak (worn)
Jewellery
 t - a ring of resist corrosion (right hand)
Scrolls
 g - 3 scrolls of remove curse {unknown}
 h - 3 scrolls of amnesia {unknown}
 i - a scroll of noise {unknown}
 j - a scroll of enchant armour {unknown}
 k - a scroll of identify {unknown}
 n - 2 scrolls of teleportation {unknown}
 o - 2 scrolls of enchant weapon {unknown}
 p - a scroll of fog {unknown}
Potions
 f - a potion of berserk rage {!q}
 q - a potion of degeneration {unknown}
 r - a potion of heal wounds {unknown}

Dungeon Overview and Level Annotations

Branches:
Dungeon (3/15)

Altars:

................▒.▒▒..▒ ▒.▒
................▒.▒▒..▒ ▒.▒
................▒.▒▒..▒ ▒.▒
.......g........▒.▒▒..▒ ▒.▒
▒▒▒▒▒▒J▒▒▒▒▒▒▒▒▒.▒▒..▒ ▒.▒
▒▒▒▒▒▒▒.▒ ▒.▒▒..▒▒▒.▒▒▒▒▒
........▒ ▒.▒▒...........
.......S▒▒▒▒▒▒▒▒▒.▒▒..▒........
........+.....i......>▒........
........▒▒▒▒▒▒▒▒▒..............
........▒ ▒..............
........▒ ▒..............
........▒ ▒..............
........▒ ▒........▒▒▒▒▒▒
........▒ ▒........▒ .......
▒........▒ ▒........▒


There were no monsters in sight!


Message History

Unknown command.
You closely miss the adder.
The adder is severely wounded.
The adder closely misses you.
Unknown command.
* * * LOW HITPOINT WARNING * * *
You feel sick.
There is an open door here.
Which direction?
You close the door.
* * * LOW HITPOINT WARNING * * *
You feel sick.
It was a potion of berserk rage.
A red film seems to cover your vision as you go berserk!
You feel yourself moving faster!
You feel mighty!
You feel a strong urge to attack something.
You feel your anger nearly subside.
You are no longer berserk.
You are exhausted.
You feel yourself slow down.
* * * LOW HITPOINT WARNING * * *
You feel sick.
It was a potion of cancellation.
Your magical effects are unravelling.
You feel magically purged.
You feel yourself speed up.
It was a potion of haste.
You feel yourself speed up.
You die...

Action                   |  1- 3 |  4- 6 || total
-------------------------+-------+-------++-------
Melee: Dagger            |   106 |   142 ||   248
Throw: Dart              |     3 |       ||     3
  Use: Potion            |       |     3 ||     3
 Stab: Sleeping          |    13 |     9 ||    22
Armor: Robe              |     7 |     5 ||    12
Dodge: Dodged            |    76 |    92 ||   168

Levels and vault maps discovered:
D:1:      sevenhm_arrival_forest_fort_small_6, layout_basic
D:2:      layout_loops_ring, chequers_ecumenical_altar_simple
D:3:      layout_basic, minitemple

Notes
Turn   | Place    | Note
-------+----------+-------------------------------------------
     0 | D:1      | sanka the Spriggan Brigand began the quest for the Orb.
     0 | D:1      | Reached XP level 1. HP: 10/10 MP: 2/2
    19 | D:1      | Reached skill level 2 in Dodging
   314 | D:1      | Reached skill level 3 in Dodging
   346 | D:1      | Reached XP level 2. HP: 14/14 MP: 3/3
   785 | D:1      | Reached skill level 4 in Dodging
   974 | D:1      | Reached XP level 3. HP: 18/18 MP: 4/4
  1374 | D:1      | Reached skill level 5 in Dodging
  1504 | D:2      | Reached XP level 4. HP: 20/22 MP: 5/5
  1621 | D:2      | Reached skill level 6 in Dodging
  2112 | D:2      | Found a faded altar of an unknown god.
  2468 | D:2      | Reached skill level 7 in Dodging
  2479 | D:2      | Reached XP level 5. HP: 25/25 MP: 6/6
  2823 | D:3      | HP: 2/25 [poisoned by an adder]
  2831 | D:3      | HP: 1/25 [poisoned by an adder]
  2834 | D:3      | Succumbed to an adder's poison

Vanquished Creatures
  A gnoll (D:1)
  8 adders
  An ooze (D:2)
  4 worms (D:2)
  3 dart slugs
  5 leopard geckos
  A ball python (D:1)
  A giant cockroach (D:2)
  7 goblins
  4 hobgoblins
  2 jackals (D:3)
  5 bats
  2 frilled lizards
  4 kobolds (D:1)
  8 rats
56 creatures vanquished.
